 Dungeon Crawl Stone Soup version 0.28.0-53-g5a82cb258f (webtiles) character file.

Game seed: 7572981421746164254

89 Kranky the Covered (level 4, -2/34 HPs)
             Began as a Gnoll Wanderer on June 24, 2022.
             Slain by an orc priest
             ... wielding a +0 flail
              (6 damage)
             ... on level 3 of the Dungeon.
             The game lasted 00:03:16 (2303 turns).

Kranky the Covered (Gnoll Wanderer)                 Turns: 2303, Time: 00:03:17

Health: -2/34      AC:  7    Str: 15    XL:     4   Next: 55%
Magic:  6/6        EV: 10    Int: 10    God:
Gold:   95         SH:  0    Dex: 11    Spells: 5/5 levels left

rFire   . . .      SeeInvis .   f - +0 spear
rCold   . . .      Faith    .   (no shield)
rNeg    . . .      Spirit   .   d - +0 ring mail
rPois   .          Reflect  .   (no helmet)
rElec   .          Harm     .   (no cloak)
rCorr   .          Rampage  .   (no gloves)
Will    .....                   l - +0 pair of boots
Stlth   +.........              (no amulet)
HPRegen 0.11/turn               (no ring)
MPRegen 0.10/turn               (no ring)

@: no status effects
A: fangs 1, strong nose, distributed training
a: no special abilities


You were on level 3 of the Dungeon.
You visited 1 branch of the dungeon, and saw 3 of its levels.

You collected 95 gold pieces.

Inventory:

Hand Weapons
 a - a +0 vorpal shortbow
 c - a +0 mace
 f - a +0 spear (weapon)
Missiles
 b - 23 arrows
Armour
 d - a +0 ring mail (worn)
 l - a +0 pair of boots (worn)
Scrolls
 g - a scroll of fear {unknown}
 h - a scroll of identify {unknown}
 j - a scroll of vulnerability {unknown}
 m - a scroll of holy word {unknown}
 n - a scroll of teleportation {unknown}
Potions
 e - a potion of flight {unknown}
 i - 3 potions of curing {unknown}
 k - a potion of haste {unknown}


   Skills:
 + Level 2.8 Fighting
 + Level 1.2 Short Blades
 + Level 1.2 Long Blades
 + Level 1.2 Axes
 + Level 4.6 Maces & Flails
 + Level 1.2 Polearms
 + Level 1.2 Staves
 + Level 1.2 Slings
 + Level 6.6 Bows
 + Level 1.2 Crossbows
 + Level 1.2 Throwing
 + Level 6.6 Armour
 + Level 1.2 Dodging
 + Level 1.2 Stealth
 + Level 1.2 Shields
 + Level 1.2 Unarmed Combat
 + Level 1.2 Spellcasting
 + Level 1.0 Conjurations
 + Level 1.0 Hexes
 + Level 1.0 Summonings
 + Level 1.0 Necromancy
 + Level 1.0 Translocations
 + Level 1.0 Transmutations
 + Level 1.0 Fire Magic
 + Level 1.0 Ice Magic
 + Level 1.0 Air Magic
 + Level 1.0 Earth Magic
 + Level 1.0 Poison Magic
 + Level 2.9 Invocations
 + Level 1.2 Evocations


You had 5 spell levels left.
You didn't know any spells.
Your spell library was empty.

Dungeon Overview and Level Annotations

Branches:
Dungeon (3/15)

Altars:

Annotations:
D:3 1 runed translucent door, Crazy Yiuf


Innate Abilities, Weirdness & Mutations

You have very sharp teeth.
Your uncanny sense of smell can sniff out nearby items.
Your experience applies equally to all skills.


Message History

a +0 trident; a +0 leather armour; an orc corpse You hit the orc priest but do no damage.
The orc priest barely misses you.
You hit the orc priest but do no damage.
The orc priest barely misses you.
You closely miss the orc priest. The orc priest closely misses you.
You hit the orc priest but do no damage.
The orc priest hits you with a +0 flail.
You hit the orc priest but do no damage.
You punch the orc priest, but do no damage.
The orc priest hits you but does no damage.
You hit the orc priest but do no damage.
Your bite misses the orc priest. The orc priest barely misses you.
You barely miss the orc priest. Your bite misses the orc priest.
The orc priest hits you but does no damage.
You closely miss the orc priest.
The orc priest calls down the wrath of Beogh upon you.
Beogh smites you!
You hit the orc priest. Your bite misses the orc priest.
The orc priest is moderately wounded.
The orc priest completely misses you.
You closely miss the orc priest.
The orc priest is moderately wounded.
The orc priest barely misses you.
You hit the orc priest but do no damage.
The orc priest is moderately wounded.
The orc priest hits you with a +0 flail!
* * * LOW HITPOINT WARNING * * *
The orc priest hits you with a +0 flail.
* * * LOW HITPOINT WARNING * * *
You hit the orc priest.
The orc priest is heavily wounded.
The orc priest looks satisfied for a moment.
You barely miss the orc priest.
The orc priest is heavily wounded.
The orc priest hits you but does no damage.
You barely miss the orc priest.
The orc priest is heavily wounded.
The orc priest hits you with a +0 flail.
You die...

# # #.# # #.# # #.# # #.# #
∆ #.# # #.# #
#######.##############
##+####........o@)).......<#
.............###############
........[...(#
............>#
...†.........#
.............#
.....(.......#
.............#
..........####


You could see an orc priest.

Vanquished Creatures
  2 adders (D:2)
  A worm (D:2)
  A dart slug (D:1)
  2 orcs (D:3)
  5 bats
  7 endoplasms
  7 goblins
  3 hobgoblins
  6 jackals (D:1)
  7 kobolds
  3 quokkas
  3 ball pythons
  4 frilled lizards
  8 rats
59 creatures vanquished.

Notes
Turn   | Place    | Note
-------+----------+-------------------------------------------
     0 | D:1      | Kranky the Gnoll Wanderer began the quest for the Orb.
     0 | D:1      | Kranky set off with the following items: a +0 vorpal
                  | shortbow, 24 arrows, a +0 mace, a +0 ring mail
     0 | D:1      | Reached XP level 1. HP: 17/17 MP: 2/2
   190 | D:1      | Reached XP level 2. HP: 18/23 MP: 3/3
   586 | D:1      | Reached XP level 3. HP: 27/28 MP: 4/4
   623 | D:1      | Found a faded altar of an unknown god.
  1455 | D:2      | Reached skill level 1 in Short Blades
  1455 | D:2      | Reached skill level 1 in Long Blades
  1455 | D:2      | Reached skill level 1 in Axes
  1455 | D:2      | Reached skill level 1 in Polearms
  1455 | D:2      | Reached skill level 1 in Staves
  1455 | D:2      | Reached skill level 1 in Slings
  1455 | D:2      | Reached skill level 1 in Crossbows
  1455 | D:2      | Reached skill level 1 in Throwing
  1455 | D:2      | Reached skill level 1 in Dodging
  1455 | D:2      | Reached skill level 1 in Stealth
  1455 | D:2      | Reached skill level 1 in Shields
  1455 | D:2      | Reached skill level 1 in Unarmed Combat
  1455 | D:2      | Reached skill level 1 in Spellcasting
  1455 | D:2      | Reached skill level 1 in Evocations
  1455 | D:2      | Reached XP level 4. HP: 34/34 MP: 6/6
  2103 | D:3      | Found a runed translucent door.
  2104 | D:3      | Noticed Crazy Yiuf
  2192 | D:3      | Reached skill level 1 in Conjurations
  2192 | D:3      | Reached skill level 1 in Hexes
  2192 | D:3      | Reached skill level 1 in Summonings
  2192 | D:3      | Reached skill level 1 in Necromancy
  2192 | D:3      | Reached skill level 1 in Translocations
  2192 | D:3      | Reached skill level 1 in Transmutations
  2192 | D:3      | Reached skill level 1 in Fire Magic
  2192 | D:3      | Reached skill level 1 in Ice Magic
  2192 | D:3      | Reached skill level 1 in Air Magic
  2192 | D:3      | Reached skill level 1 in Earth Magic
  2192 | D:3      | Reached skill level 1 in Poison Magic
  2303 | D:3      | Slain by an orc priest

Illustrated notes

Levels and vault maps discovered:
D:1:      roderic_octagonal_star, layout_loops_ring,
          shapermc_ecumenical_altar_mp_ritualfount
D:2:      layout_loops_ring
D:3:      layout_basic, marbit_many_paths, serial_glass, glass_columns_a,
          glass_columns_a, uniq_crazy_yiuf_cottage

Skill      XL: |  1  2  3  4 |
---------------+-------------+-----
Short Blades   | 1 |  1.2
Long Blades    | 1 |  1.2
Axes           | 1 |  1.2
Polearms       | 1 |  1.2
Staves         | 1 |  1.2
Slings         | 1 |  1.2
Crossbows      | 1 |  1.2
Throwing       | 1 |  1.2
Dodging        | 1 |  1.2
Stealth        | 1 |  1.2
Shields        | 1 |  1.2
Unarmed Combat | 1 |  1.2
Spellcasting   | 1 |  1.2
Evocations     | 1 |  1.2
Conjurations   | 1 |  1.0
Hexes          | 1 |  1.0
Summonings     | 1 |  1.0
Necromancy     | 1 |  1.0
Translocations | 1 |  1.0
Transmutations | 1 |  1.0
Fire Magic     | 1 |  1.0
Ice Magic      | 1 |  1.0
Air Magic      | 1 |  1.0
Earth Magic    | 1 |  1.0
Poison Magic   | 1 |  1.0
Fighting       | |  2.8
Maces & Flails | |  4.6
Bows           | |  6.6
Armour         | |  6.6
Invocations    | |  2.9

Action                   |  1- 3 |  4- 6 || total
-------------------------+-------+-------++-------
Melee: Spear             |   160 |   102 ||   262
       Bite              |    14 |     7 ||    21
       Punch             |     3 |     1 ||     4
 Fire: Shortbow          |     2 |       ||     2
Armor: Ring mail         |    57 |    27 ||    84
Dodge: Dodged            |    60 |    46 ||   106
